Selects Australian Defense Battlegroup
Selects Australian Light Infantry Section
Australian Light Infantry Section
Construct Section Command Post
Selects Defensive Tactics
Construct Platoon Command Post
6-pounder Anti-tank Gun Team
Selects CMP 15cwt Supply Run
Selects Reinforced Resource Caches
Construct Company Command Post
Selects Archer Tank Destroyer
Unlock M3 Grant Medium Tanks